 Dungeon Crawl Stone Soup version 0.26.1-10-gdfb7c7de75 (webtiles) character file.

Game seed: 12353610151257274049

431 raph the Grave Robber (level 6, -5/32 HPs)
             Began as a Deep Elf Necromancer on Apr 4, 2021.
             Was a Believer of Sif Muna.
             Slain by a bullfrog (8 damage)
             ... in a sewer.
             The game lasted 00:09:52 (5213 turns).

raph the Grave Robber (Deep Elf Necromancer)        Turns: 5213, Time: 00:09:53

Health: -5/32      AC:  8    Str:  5    XL:     6   Next: 67%
Magic:  5/15       EV: 13    Int: 22    God:    Sif Muna [**....]
Gold:   236        SH:  0    Dex: 15    Spells: 1/15 levels left

rFire    + . .     SeeInvis .   a - +2 dagger (drain)
rCold    + . .     Faith    .   (no shield)
rNeg     . . .     Spirit   .   i - +1 leather armour {rPois}
rPois    +         Reflect  .   o - +1 helmet
rElec    .         Harm     .   h - +1 cloak
rCorr    .         Rampage  .   (no gloves)
Will     .....                  (no boots)
Stlth    +++.......             (no amulet)
HPRegen  0.10/turn              m - ring of protection from cold
MPRegen  0.14/turn              f - ring of protection from fire

@: about to teleport
A: no striking features
a: Renounce Religion, Channel Magic


You were in a sewer.
You worshipped Sif Muna.
Sif Muna was pleased with you.
You visited 1 branch of the dungeon, and saw 4 of its levels.
You also visited: Sewer.

You collected 236 gold pieces.

Inventory:

Hand Weapons
 a - a +2 dagger of draining (weapon)
 e - a +0 dagger
Armour
 h - a +1 cloak (worn)
 i - a +1 leather armour of poison resistance (worn)
 l - a +0 robe
 o - a +1 helmet (worn)
Jewellery
 f - a ring of protection from fire (right hand)
 m - a ring of protection from cold (left hand)
 p - an uncursed ring of ice
Scrolls
 b - 4 scrolls of remove curse
 g - 2 scrolls of teleportation
 r - a scroll of amnesia
 u - a scroll of fog {unknown}
 v - a scroll of magic mapping {unknown}
Potions
 c - a potion of resistance
 d - 3 potions of attraction
 j - a potion of might {unknown}
 k - 2 potions of haste {unknown}
 n - a potion of flight {unknown}
 q - a potion of curing {unknown}
 s - 2 potions of magic {unknown}
 t - a potion of heal wounds {unknown}


   Skills:
 + Level 4.4 Dodging
 + Level 4.5 Stealth
 + Level 5.0 Spellcasting
 * Level 7.2 Necromancy


You had one spell level left.
You knew the following spells:

 Your Spells              Type           Power        Failure   Level
a - Pain                  Necr           100%         1%          1
b - Animate Skeleton      Necr           74%          1%          1
c - Vampiric Draining     Necr           18%          2%          3
d - Animate Dead          Necr           18%          9%          4
e - Agony                 Necr           37%          24%         5

Your spell library contained the following spells:

 Spells                   Type           Power        Failure   Level


Dungeon Overview and Level Annotations

Branches:
Dungeon (4/15)              Sewer (1/1)
 Temple: D:4-7

Altars:
Nemelex Xobeh
Okawaru
Sif Muna
Yredelemnul


Message History

The bullfrog misses you.
The ball python bites you but does no damage.
The ball python grabs you. The ball python constricts you.
You escape the ball python's grasp.
The adder barely misses you.
The bullfrog hits you but does no damage.
The bullfrog hits you!
* * * LOW HITPOINT WARNING * * *
Okay, then.
Casting: Pain (safe; 1% risk of failure)
Confirm with . or Enter, or press ? or * to list all spells.
Aiming: Vampiric Draining (dangerous; 2% risk of failure)
Press: ? - help, Shift-Dir - straight line, f/p - bullfrog
Aim: a bullfrog (lightly wounded)
The bullfrog is severely wounded.
You feel life coursing into your body.
The bullfrog hits you but does no damage.
The adder closely misses you. The bullfrog hits you!
* * * LOW HITPOINT WARNING * * *
The bullfrog hits you!
You die...

####################
###.#≈≈≈≈≈≈≈≈Sl≈≈≈≈≈.S
##...≈≈≈≈≈≈#≈@FS#
#.....≈≈≈≈≈≈≈≈F#†J≈≈≈≈.
#....≈≈≈≈≈≈≈≈≈≈≈≈≈≈≈≈≈.
##.....≈≈≈≈≈≈≈≈≈≈≈≈≈≈≈..
#.....#≈≈≈≈≈≈≈≈≈≈≈≈≈≈≈..
#....###################
##...#### #....#..#
#....'..#


You could see 2 bullfrogs, an ooze, an adder, a ball python and a frilled
lizard.

Vanquished Creatures
  An ogre (D:4)
  A jelly (D:2)
  A hound skeleton (D:4)
  A gnoll (D:3)
  15 adders
  5 river rats (Sewer)
  2 oozes
  4 worms
  A dart slug (D:2)
  4 orcs (D:3)
  3 giant cockroaches
  11 goblins
  4 hobgoblins
  3 jackals (D:1)
  A quokka (D:3)
  7 ball pythons
  9 bats
  A frilled lizard (D:3)
  10 kobolds
  23 rats
107 creatures vanquished.

Vanquished Creatures (collateral kills)
  A river rat (Sewer)
  A ball python (Sewer)
  9 rats (Sewer)
11 creatures vanquished.

Grand Total: 118 creatures vanquished

Notes
Turn   | Place    | Note
-------+----------+-------------------------------------------
     0 | D:1      | raph the Deep Elf Necromancer began the quest for the Orb.
     0 | D:1      | Reached XP level 1. HP: 10/10 MP: 6/6
     8 | D:1      | Learned a level 1 spell: Animate Skeleton
   190 | D:1      | Reached skill level 5 in Necromancy
   283 | D:1      | Reached XP level 2. HP: 2/15 MP: 0/8
  1315 | D:2      | Reached XP level 3. HP: 18/19 MP: 7/9
  1397 | D:2      | Learned a level 3 spell: Vampiric Draining
  1460 | D:2      | Found an iron altar of Okawaru.
  1746 | D:2      | Found a transporter.
  1756 | D:2      | Found a transporter.
  1887 | D:2      | Reached XP level 4. HP: 16/24 MP: 6/11
  2592 | D:3      | Reached skill level 6 in Necromancy
  2976 | D:3      | Reached XP level 5. HP: 22/28 MP: 7/13
  3048 | D:3      | Found a sparkling altar of Nemelex Xobeh.
  3048 | D:3      | Found a basalt altar of Yredelemnul.
  3469 | D:3      | Found a shimmering blue altar of Sif Muna.
  3472 | D:3      | Became a worshipper of Sif Muna the Loreminder
  4066 | D:4      | Noticed an ogre
  4074 | D:4      | Killed an ogre
  4075 | D:4      | Reached XP level 6. HP: 25/32 MP: 7/14
  4269 | D:4      | Learned a level 4 spell: Animate Dead
  4275 | D:4      | Learned a level 5 spell: Agony
  4298 | D:4      | Found a glowing drain.
  4307 | Sewer    | Entered a sewer
  4349 | Sewer    | Reached * piety under Sif Muna
  4498 | Sewer    | Reached skill level 7 in Necromancy
  4875 | Sewer    | Reached ** piety under Sif Muna
  5205 | Sewer    | Reached skill level 5 in Spellcasting
  5213 | Sewer    | Slain by a bullfrog

Illustrated notes

Levels and vault maps discovered:
D:1:      minmay_arrival_four_circles, layout_basic, minmay_tetromino_s2
D:2:      layout_rooms, gammafunk_temple_overflow_arena
D:3:      minmay_thinvault, layout_loops_cross, gammafunk_temple_overflow_wave,
          chequers_serial_rivers_micro_d, lemuel_blue_sif_altar
D:4:      layout_gridville, nicolae_qazlal_general_emergency,
          cheibrodos_sewer_entry_sluice, kennysheep_nondescript, uniq_edmund
Sewer:    sewer_minmay_w

Skill      XL: |  1  2  3  4  5  6 |
---------------+-------------------+-----
Necromancy     | 5 6 7 |  7.2
Stealth        | 3 4 |  4.5
Dodging        | 3 4 |  4.4
Spellcasting   | 4 5 |  5.0

Action                   |  1- 3 |  4- 6 || total
-------------------------+-------+-------++-------
Melee: Dagger            |     2 |    29 ||    31
 Cast: Pain              |    56 |   134 ||   190
       Animate Skeleton  |     2 |    18 ||    20
       Animate Dead      |       |     4 ||     4
       Vampiric Draining |       |     1 ||     1
  Use: Scroll            |       |    10 ||    10
 Stab: Sleeping          |     1 |     7 ||     8
Armor: Leather armour    |     3 |    24 ||    27
Dodge: Dodged            |    19 |    50 ||    69
